 Dungeon Crawl Stone Soup version 0.30-a0-385-gfebfb9b408 (webtiles) character file.

Game seed: 4798998467568944877

31 Lobster4 the Magician (level 3, 0/20 HPs)
             Began as a Deep Elf Air Elementalist on Dec 2, 2022.
             Slain by an adder (3 damage)
             ... on level 2 of the Dungeon.
             The game lasted 00:03:52 (1332 turns).

Lobster4 the Magician (Deep Elf Air Elementalist)   Turns: 1332, Time: 00:03:52

Health: 0/20       AC:  2    Str:  5    XL:     3   Next: 7%
Magic:  9/9        EV: 12    Int: 21    God:
Gold:   56         SH:  0    Dex: 15    Spells: 7/8 levels left

rFire   . . .      SeeInvis .    h - +3 dagger
rCold   . . .      Faith    .    (no shield)
rNeg    . . .      Spirit   .    a - +0 robe
rPois   .          Reflect  .    (no helmet)
rElec   .          Harm     .    (no cloak)
rCorr   .          Rampage  .    (no gloves)
Will    .....                    (no boots)
Stlth   ++........               (no amulet)
HPRegen 0.23/turn                (no ring)
MPRegen 0.11/turn                (no ring)

@: no status effects
A: no striking features
a: no special abilities


You were on level 2 of the Dungeon.
You visited 1 branch of the dungeon, and saw 3 of its levels.

You collected 56 gold pieces.

Inventory:

Hand Weapons
 h - a +3 dagger (weapon)
 i - a +0 long sword
Armour
 a - a +0 robe (worn)
 e - a +0 ring mail
 g - a +0 leather armour
Scrolls
 f - a scroll of poison {unknown}
Potions
 b - a potion of magic
 c - a potion of might {unknown}
 j - 2 potions of curing {unknown}


   Skills:
 + Level 0.6 Fighting
 + Level 0.2 Short Blades
 + Level 0.6 Armour
 + Level 2.5 Dodging
 + Level 2.5 Stealth
 + Level 3.4 Spellcasting
 + Level 1.4 Conjurations
 * Level 3.3 Air Magic


You had 7 spell levels left.
You knew the following spells:

 Your Spells              Type           Power      Damage    Failure   Level
a - Shock                 Conj/Air       52%        1d6       4%          1

Your spell library contained the following spells:

 Spells                   Type           Power      Damage    Failure   Level
 Static Discharge         Conj/Air       26%        2-4/arc   7%          2
 Swiftness                Air            17%        N/A       10%         3
 Airstrike                Air            8%         2d(2-18)  32%         4


Dungeon Overview and Level Annotations

Branches:
Dungeon (3/15)

Altars:

Annotations:
D:2 Sigmund


Message History

The zap hits the quokka.
You kill the quokka!
You start resting.
HP restored.
You start resting.
Magic restored.
Found a long sword.
A goblin is nearby!
Casting: Shock (safe; 4% risk of failure)
Confirm with . or Enter, or press ? or * to list all spells.
Aiming: Shock (safe; 4% risk of failure)
Press: ? - help, Shift-Dir - straight line The zap hits the goblin.
The goblin is severely wounded.
The goblin shouts!
The zap hits the goblin.
You kill the goblin!
You now have 56 gold pieces (gained 9).
You see here a +0 club.
There is a stone staircase leading down here.
You climb downwards.
The orc priest shouts!
The orc shouts! x2; The adder hisses angrily.
Found 6 stones and 13 gold pieces.
Found a stone staircase leading down.
There is a stone staircase leading up here.
The adder misses you.
The orc priest invokes the aid of Beogh against you.
Beogh smites you!
Ouch! That really hurt!
* * * LOW HITPOINT WARNING * * *
The orc hits you from afar with a +0 trident.
* * * LOW HITPOINT WARNING * * *
You climb upwards.
Level annotation: Sigmund
There is a stone staircase leading down here.
As you read the scroll labelled KUOCLE GECOETO, it crumbles to dust.
You hear a loud clanging noise!
It was a scroll of noise.
You hear a bark!
You hear an angry hiss.
The adder bites you.
You die...

#.# #.#### ### #....#
#.## ##...###..#####
############..........#
.................#.####
#############)##.#.#
#.##.#.##
#############.##@#..#
.......)......#S.##.#
.###########...>###.#
## #....# #.## # #....#
#..# # ##....# ##.# .#
#.....# #.# ..#
#รท....## ##.###.#####
#....#..#
##........).##


You could see an adder.

Vanquished Creatures
  An endoplasm (D:1)
  2 giant cockroaches (D:1)
  5 goblins
  A hobgoblin (D:1)
  5 jackals (D:2)
  3 quokkas
  4 bats
  A frilled lizard (D:2)
  3 kobolds
  A rat (D:1)
26 creatures vanquished.

Notes
Turn   | Place    | Note
-------+----------+-------------------------------------------
     0 | D:1      | Lobster4 the Deep Elf Air Elementalist began the quest for
                  | the Orb.
     0 | D:1      | Reached XP level 1. HP: 10/10 MP: 6/6
   184 | D:1      | Reached XP level 2. HP: 15/15 MP: 2/8
   361 | D:1      | Found a faded altar of an unknown god.
   914 | D:2      | Noticed Sigmund
  1209 | D:2      | Reached XP level 3. HP: 16/20 MP: 2/9
  1332 | D:2      | Slain by an adder

Illustrated notes

Levels and vault maps discovered:
D:1:      dpeg_arrival_tiny_a, layout_basic, basic_ecumenical_altar
D:2:      layout_rooms, uniq_sigmund
D:3:      layout_rooms, minmay_crystal_room

Action                   || total
-------------------------++-------
 Cast: Shock             ||    54
  Use: Scroll            ||     1
Armor: Robe              ||     4
Dodge: Dodged            ||    14

Table legend: (Time is in decaauts)
 A = Elapsed time spent in this place.
 B = Non-inter-level travel time spent in this place.
 C = Inter-level travel time spent in this place.
 D = Time resting spent in this place.
 E = Time spent auto-exploring this place.
 F = Levels seen in this place.
 G = Mean time per level.
                   A        B        C        D        E       F      G
               +--------+--------+--------+--------+--------+-----+--------+
         Total |   1331 |   1172 |    159 |    139 |    743 |   3 |  443.7 |
       Dungeon |   1331 |   1172 |    159 |    139 |    743 |   3 |  443.7 |
               +--------+--------+--------+--------+--------+-----+--------+

Top non-repeatable levels by time:
     D:1: 845 daAuts
     D:2: 484 daAuts
     D:3: 1 daAuts
